 Dungeon Crawl Stone Soup version 0.30.0-29-ga12c61a403 (webtiles) character file.

Game seed: 16753497316153971801

111 Fodor the Covered (level 4, -2/40 HPs)
             Began as a Minotaur Fighter on June 14, 2023.
             Slain by a gnoll
             ... wielding a +0 spear
              (6 damage)
             ... on level 3 of the Dungeon.
             The game lasted 00:10:51 (1948 turns).

Fodor the Covered (Minotaur Fighter)                Turns: 1948, Time: 00:10:54

Health: -2/40      AC:  7    Str: 23    XL:     4   Next: 62%
Magic:  3/3        EV: 15    Int:  5    God:
Gold:   104        SH:  0    Dex:  9    Spells: 3/3 levels left

rFire   x . .        a - +0 long sword
rCold   . . .        (no shield)
rNeg    . . .        b - +0 scale mail
rPois   .            (helmet restricted)
rElec   .            (no cloak)
rCorr   .            (no gloves)
SInv    .            (no boots)
Will    .....        (no amulet) Stlth
                     i - +5 ring of evasion
HPRegen 0.26/turn    (no ring)
MPRegen 0.08/turn

%: no passive effects
@: mighty, very slow
A: horns 2, retaliatory headbutt, heat vulnerability 1, MP-powered wands
a: no special abilities


You were on level 3 of the Dungeon.
You visited 1 branch of the dungeon, and saw 3 of its levels.

You collected 104 gold pieces.

Inventory:

Hand Weapons
 a - a +0 long sword (weapon)
Missiles
 e - 38 stones (quivered)
 s - 2 poisoned darts
 t - a throwing net
Armour
 b - a +0 scale mail (worn)
 c - a +0 buckler
 g - the +10 tower shield of Ignorance {rN+ Int-4}
   (You acquired it on level 3 of the Dungeon)

   Int:       It affects your intelligence (-4).
   rN:        It protects you from negative energy.
Jewellery
 i - a +5 ring of evasion (left hand)
Scrolls
 h - a scroll of poison {unknown}
 j - a scroll of blinking {unknown}
 m - a scroll of fog {unknown}
 n - 2 scrolls of noise
 o - a scroll of identify {unknown}
 p - a scroll of torment {unknown}
 q - a scroll of teleportation {unknown}
 r - a scroll of magic mapping {unknown}
Potions
 f - a potion of curing {unknown}
 l - a potion of ambrosia {unknown}


   Skills:
 + Level 4.2 Fighting
 + Level 3.9 Long Blades
 + Level 4.5 Armour
 + Level 0.7 Dodging
 + Level 4.3 Shields


You had 3 spell levels left.
You didn't know any spells.
Your spell library contained the following spells:

 Spells                   Type           Power      Damage    Failure   Level
 Magic Dart               Conj           0%         1d3       78%         1
 Searing Ray              Conj           0%         2d4       89%         2
 Fulminant Prism          Conj/Hex       0%         3d5       100%        4


Dungeon Overview and Level Annotations

Branches:
Dungeon (3/15)

Altars:
Elyvilon


Innate Abilities, Weirdness & Mutations

You have a pair of horns on your head.
You reflexively headbutt those who attack you in melee.
You are vulnerable to heat. (rF-)
You expend magic power (3 MP) to strengthen your wands.


Message History

A gnoll comes into view. It is wielding a +0 flail.
The gnoll shouts!
A gnoll comes into view. It is wielding a +0 halberd.
The gnoll shouts!
The gnoll splashes around in the water. x2
Your unstable footing causes you to fumble your attack.
Your unstable footing causes you to fumble your attack.
The gnoll hits you from afar with a +0 spear.
The gnoll closely misses you.
You closely miss the gnoll.
The gnoll splashes around in the water.
The gnoll hits you from afar with a +0 spear.
The gnoll closely misses you.
You closely miss the gnoll. The gnoll barely misses you.
You furiously retaliate!
You headbutt the gnoll! The gnoll misses you.
The gnoll hits you from afar with a +0 halberd!
The gnoll splashes around in the water.
Your unstable footing causes you to fumble your attack.
The gnoll hits you from afar with a +0 spear.
The gnoll completely misses you. The gnoll hits you with a +0 flail!
The gnoll hits you from afar with a +0 spear.
* * * LOW HITPOINT WARNING * * *
You closely miss the gnoll.
The gnoll is severely wounded.
The gnoll closely misses you. The gnoll hits you with a +0 flail.
* * * LOW HITPOINT WARNING * * *
The gnoll hits you from afar with a +0 spear.
* * * LOW HITPOINT WARNING * * *
The gnoll closely misses you.
You feel very mighty all of a sudden. The gnoll misses you.
The gnoll completely misses you.
The gnoll hits you from afar with a +0 halberd.
* * * LOW HITPOINT WARNING * * *
It was a potion of mutation.
You feel extremely strange.
You feel your magical essence link to the dungeon's wands.
You feel vulnerable to heat. The gnoll barely misses you.
You furiously retaliate!
You headbutt the gnoll.
You kill the gnoll!
You hear a splash.
The gnoll hits you from afar with a +0 spear.
You die...

#
#.##########.
.#.......8.
........#
##.......#
##.gg...$.#
#...≈)≈...#
#..≈≈@≈≈..#
#..~~♣~~..###
#..≈≈~≈≈......
♣...≈~≈...♣###
♣♣.......♣♣
♣♣..)..♣♣
♣♣...♣♣
♣♣.....♣♣
♣♣.......♣♣


You could see 2 gnolls.

Vanquished Creatures
  An orc priest (D:3)
  A gnoll (D:3)
  3 adders (D:2)
  2 dart slugs
  3 orcs (D:3)
  3 endoplasms
  3 giant cockroaches (D:2)
  3 goblins
  2 hobgoblins (D:1)
  4 jackals (D:2)
  7 kobolds
  2 quokkas
  3 ball pythons (D:2)
  4 bats
  2 frilled lizards
  6 rats
49 creatures vanquished.

Notes
Turn   | Place    | Note
-------+----------+-------------------------------------------
     0 | D:1      | Fodor the Minotaur Fighter began the quest for the Orb.
     0 | D:1      | Reached XP level 1. HP: 19/19 MP: 0/0
   284 | D:1      | Found a faded altar of an unknown god.
   300 | D:1      | Reached XP level 2. HP: 27/27 MP: 1/1
   982 | D:2      | Reached XP level 3. HP: 26/33 MP: 2/2
  1724 | D:2      | Reached XP level 4. HP: 40/40 MP: 3/3
  1783 | D:2      | Identified the +1 dagger "Sirhac" {flame, Drain rPois
                  | Str+3}
  1850 | D:3      | Identified a scroll of acquirement
  1850 | D:3      | Acquired the +10 tower shield of Ignorance {rN+ Int-4}
  1850 | D:3      | Found the +10 tower shield of Ignorance {rN+ Int-4}
  1895 | D:3      | Found a white marble altar of Elyvilon.
  1948 | D:3      | Gained mutation: You expend magic power (3 MP) to
                  | strengthen your wands. [potion of mutation]
  1948 | D:3      | Gained mutation: You are vulnerable to heat. (rF-) [potion
                  | of mutation]
  1948 | D:3      | Slain by a gnoll

Illustrated notes

Levels and vault maps discovered:
D:1:      dpeg_arrival_three_bigger_balls, layout_loops_ring,
          basic_ecumenical_altar, dreamdust_mushroom_princess,
          minmay_stone_trees_medium
D:2:      layout_basic, minmay_misc_feat_nine_boxes
D:3:      cheibrodos_old_hovel, layout_basic, elyvilon_altar_3, serial_shops,
          nicolae_shop_statue_plus

Skill      XL: |  1  2  3 |
---------------+----------+-----
Armour         | 4 |  4.5
Shields        | 4 |  4.3
Fighting       | 4 |  4.2
Long Blades    | 3 |  3.9
Dodging        | |  0.7

Action                     |  1- 3 |  4- 6 || total
---------------------------+-------+-------++-------
  Melee: Long sword        |    76 |    23 ||    99
         Headbutt          |    11 |     4 ||    15
    Use: Scroll            |       |     2 ||     2
         Potion            |       |     2 ||     2
 Armour: Scale mail        |    25 |     3 ||    28
  Dodge: Dodged            |    62 |    20 ||    82
  Block: Buckler           |    18 |     1 ||    19
